Map: Berlingrad LE

Players

Classic

  • Race: Protoss Protoss

ByuN - Winner!

  • Race: Terran Terran

Event: DreamHack SC2 Masters Last Chance 2022

VOD

Have the link to the VOD?

Description

Time

  • Played on: Dec. 15, 2021, 4:49 a.m.
  • Length: 12:42

All games in this series

Show
View Real Time Build Order
Export as new Build Order

Classic Protoss 

Build Orders: 1 Gate Expand, Phoenix Opening, Colossus Rush 

Get SALT Encoding   

  12  0:00  Probe  
  13  0:12  Probe  
  14  0:18  Pylon  
  14  0:24  Probe (Chrono Boost)  
  15  0:36  Probe (Chrono Boost)  
  15  0:37  Gateway  
  16  0:45  Probe (Chrono Boost)  
  16  0:47  Assimilator  
  17  0:51  Probe  
  18  1:03  Probe  
  19  1:15  Probe  
  20  1:22  Nexus  
  20  1:32  Cybernetics Core  
  20  1:35  Probe  
  21  1:41  Assimilator  
  21  1:47  Pylon  
  21  1:51  Probe  
  22  2:03  Probe  
  22  2:06  Adept (Chrono Boost)  
  24  2:28  Probe  
  24  2:29  Stalker (Chrono Boost)  
  27  2:34  Stargate  
  27  2:35  Probe  
  28  2:40  Probe  
  29  2:44  Warp Gate  
  29  2:47  Probe  
  30  2:52  Probe  
  30  2:55  Stalker (Chrono Boost)  
  31  3:07  Probe x2  
  32  3:19  Phoenix (Chrono Boost), Probe x2  
  36  3:31  Probe x2  
  36  3:32  Pylon  
  38  3:41  Phoenix  
  38  3:43  Probe (Chrono Boost)  
  38  3:45  Assimilator  
  38  3:47  Probe (Chrono Boost)  
  38  3:48  Assimilator  
  42  3:55  Probe (Chrono Boost)  
  43  3:58  Probe (Chrono Boost)  
  43  4:00  Probe (Chrono Boost)  
  45  4:06  Phoenix  
  45  4:07  Probe  
  48  4:11  Probe  
  49  4:20  Probe  
  49  4:23  Probe  
  49  4:24  Robotics Facility  
  49  4:29  Pylon  
  49  4:31  Pylon  
  49  4:32  Probe  
  49  4:35  Phoenix  
  49  4:37  Probe (Chrono Boost)  
  54  4:46  Gateway  
  54  4:48  Probe (Chrono Boost)  
  54  4:49  Probe (Chrono Boost)  
  54  4:51  Pylon  
  55  4:55  Gateway  
  55  4:57  Sentry  
  55  4:58  Probe (Chrono Boost)  
  55  4:59  Probe (Chrono Boost)  
  59  5:03  Probe  
  59  5:11  Robotics Bay  
  64  5:14  Immortal  
  63  5:24  Nexus  
  63  5:27  Sentry  
  65  5:30  Pylon  
  65  5:41  Probe x2  
  67  5:51  Stalker x3  
  67  5:52  Shield Battery  
  67  5:53  Probe x2  
  75  5:58  Colossus (Chrono Boost)  
  81  6:09  Extended Thermal Lance  
  81  6:11  Probe  
  81  6:12  Pylon  
  81  6:13  Probe  
  81  6:18  Forge  
  83  6:22  Phoenix  
  83  6:25  Probe  
  86  6:28  Pylon  
  86  6:30  Probe  
  87  6:38  Colossus (Chrono Boost)  
  87  6:41  Probe x2  
  87  6:42  Probe  
  87  6:45  Pylon  
  96  6:55  Twilight Council  
  96  6:57  Probe x3  
  99  7:02  Stalker  
  99  7:03  Stalker x2  
  105  7:10  Pylon  
  105  7:11  Probe x3  
  105  7:15  Colossus (Chrono Boost)  
  108  7:22  Gateway  
  114  7:25  Gateway  
  114  7:27  Stalker  
  116  7:30  Stalker, Charge  
  116  7:32  Zealot  
  120  7:39  Gateway  
  120  7:40  Pylon  
  120  7:46  Protoss Ground Weapons Level 1 (Chrono Boost)  
  118  7:54  Gateway  
  118  7:55  Gateway  
  118  7:56  Assimilator, Probe  
  118  7:57  Probe x2  
  121  8:00  Assimilator, Pylon  
  121  8:02  Observer (Chrono Boost)  
  122  8:07  Zealot x3  
  122  8:12  Pylon  
  128  8:14  Phoenix  
  128  8:17  Pylon  
  130  8:21  Immortal (Chrono Boost)  
  134  8:28  Pylon  
  134  8:31  Zealot x4  
  142  8:35  Pylon  
  142  8:38  Pylon  
  142  8:45  Templar Archives  
  142  8:50  Forge  
  142  8:54  Nexus  
  142  8:58  Observer (Chrono Boost)  
  142  9:02  Zealot x4  
  150  9:08  Probe x3  
  153  9:12  Zealot  
  153  9:13  Zealot x2  
  153  9:15  Zealot  
  161  9:20  Pylon  
  161  9:24  Zealot x2  
  161  9:26  Zealot  
  161  9:30  Zealot  
  169  9:35  Zealot x2  
  169  9:36  Zealot  
  169  9:38  Zealot  
  121  9:54  Immortal (Chrono Boost)  
  121  9:56  High Templar x4  
  121  9:57  High Templar x2  
  137  10:00  Archon  
  137  10:01  Archon x2  
  137  10:02  Zealot x2  
  141  10:07  Gateway  
  120  10:28  Zealot x6  
  108  10:31  Immortal (Chrono Boost)  
  106  10:40  Zealot x2  
  98  10:48  Gateway  
  98  10:49  Nexus  
  98  10:52  Zealot x6  
  106  11:01  Zealot, High Templar x2  
  106  11:03  Immortal (Chrono Boost)  
  106  11:05  Archon  
  110  11:14  High Templar x4  
  110  11:15  Zealot x2  
  122  11:20  Archon x2  
  122  11:25  Sentry  
  122  11:35  Immortal (Chrono Boost)  
  124  11:46  Zealot x7  
  108  11:54  Zealot x2  
  90  12:07  High Templar x3  
  90  12:08  Zealot x3, High Templar  
  90  12:12  Archon  
  90  12:13  Archon  
  94  12:18  Stalker x2  
  90  12:29  Stalker x3  
Show
View Real Time Build Order
Export as new Build Order

ByuN Terran - Winner!

Build Orders:  

Get SALT Encoding   

  12  0:00  SCV  
  13  0:12  SCV  
  14  0:18  Supply Depot  
  14  0:24  SCV  
  15  0:39  Barracks  
  15  0:40  SCV  
  16  0:46  Refinery  
  16  0:52  SCV  
  16  0:55  Refinery  
  17  1:05  SCV  
  18  1:18  SCV  
  19  1:26  Reaper  
  19  1:30  Orbital Command  
  20  1:44  Factory  
  20  1:51  Supply Depot  
  20  1:56  SCV  
  20  1:58  Reaper  
  22  2:08  SCV  
  23  2:20  SCV  
  24  2:32  SCV  
  24  2:36  Widow Mine  
  27  2:38  Command Center  
  27  2:42  Starport  
  27  2:50  Supply Depot  
  27  2:53  SCV  
  28  2:59  Widow Mine  
  29  3:06  SCV  
  29  3:18  SCV, Viking  
  32  3:24  Factory Tech Lab  
  32  3:30  SCV  
  32  3:31  Supply Depot  
  33  3:42  SCV, Cyclone  
  33  3:45  Barracks  
  37  3:50  Starport Tech Lab  
  37  3:54  SCV  
  38  3:57  Barracks Reactor  
  38  4:02  Marine  
  39  4:06  SCV  
  39  4:14  Cyclone  
  40  4:18  SCV  
  40  4:19  Orbital Command  
  41  4:25  Barracks Reactor  
  41  4:30  SCV  
  42  4:42  SCV  
  42  4:45  SCV  
  44  4:46  Bunker  
  44  4:52  Stimpack, Marine  
  45  4:54  SCV  
  45  4:55  Siege Tank  
  45  4:56  Barracks  
  45  4:57  SCV  
  50  5:05  Marine  
  50  5:06  Marine  
  50  5:07  SCV  
  51  5:09  SCV  
  51  5:10  Supply Depot, Marine  
  53  5:19  SCV  
  53  5:20  Engineering Bay  
  54  5:22  Starport Reactor  
  54  5:24  SCV  
  54  5:25  Marine x2  
  54  5:28  Marine  
  58  5:31  SCV  
  58  5:34  Siege Tank  
  61  5:36  SCV  
  58  5:43  SCV  
  58  5:47  Marauder, Marine x2  
  58  5:48  SCV, Barracks Tech Lab  
  64  5:50  Terran Infantry Weapons Level 1  
  64  5:52  Supply Depot  
  64  5:53  Refinery  
  64  5:54  Missile Turret  
  64  5:56  SCV  
  65  6:00  SCV  
  65  6:03  Supply Depot  
  66  6:07  Marine x2  
  66  6:11  Marauder  
  70  6:14  Marauder, SCV x2  
  70  6:15  Supply Depot  
  74  6:19  Combat Shield  
  74  6:26  Supply Depot, Refinery  
  74  6:29  SCV x2  
  74  6:30  Marine x2  
  78  6:36  Medivac x2  
  82  6:40  Marauder  
  82  6:41  Marauder  
  82  6:42  SCV  
  82  6:44  SCV  
  88  6:49  Missile Turret, Marine  
  88  6:50  Marine  
  90  6:57  Siege Tank  
  93  7:04  Marauder x2  
  97  7:12  Marine x2  
  97  7:15  Medivac  
  101  7:26  Supply Depot  
  101  7:28  Marauder x2, Supply Depot, Medivac  
  107  7:36  Marine x2  
  107  7:49  Marauder x2  
  108  7:51  Viking  
  108  7:57  Marine x2  
  108  7:58  Viking  
  114  8:10  Siege Tank  
  114  8:11  Marauder x2  
  121  8:15  Supply Depot  
  121  8:18  Supply Depot  
  121  8:22  Marine x2  
  123  8:29  Viking  
  125  8:36  Viking  
  125  8:41  Marine x2  
  129  8:42  Marauder x2  
  129  8:44  Siege Tank  
  129  8:47  Terran Infantry Armor Level 1  
  136  8:59  Marine x2  
  138  9:04  Marauder x2  
  142  9:14  Concussive Shells  
  142  9:21  Missile Turret x2  
  142  9:22  Missile Turret  
  142  9:26  Missile Turret  
  142  9:42  Bunker  
  142  9:44  Marine x2  
  142  9:45  Marauder, Viking  
  142  9:46  Marauder  
  125  9:57  Siege Tank  
  124  10:01  Marine  
  124  10:02  Marine  
  128  10:07  Marauder  
  128  10:08  Marauder  
  128  10:12  Missile Turret  
  110  10:28  Marauder  
  110  10:29  Marauder  
  110  10:33  Marine x2  
  110  10:35  Siege Tank  
  91  10:49  Liberator x2, Marauder  
  99  10:50  Marauder  
  99  10:51  Marine  
  99  10:59  Marine  
  98  11:07  Siege Tank  
  98  11:08  Marine  
  98  11:11  Marauder  
  104  11:12  Marauder  
  104  11:16  Marine  
  107  11:26  Marine  
  107  11:32  Marauder  
  110  11:33  Marauder  
  110  11:34  Marine  
  111  11:44  Marine  
  99  11:52  Marine  
  99  11:54  Marauder x2  
  85  12:02  Medivac x2, Marine  
  85  12:07  Siege Tank  
  88  12:09  SCV x2  
  88  12:10  Marine  
  88  12:15  Marauder  
  92  12:16  Marauder  
  92  12:17  Missile Turret  
  92  12:20  Marine  
  92  12:21  SCV  
  92  12:22  SCV  

Tags
 
Add a new tag
Caveats
  • Supply blocks, unpowered buildings, or Contaminate may cause inaccurate times.
  • Supply counts are checked every 10 seconds.